AoeStats
← eyupfc

Arabia

507692437Analyzed
1v1 RM · 13d ago on Sep 19, 2026· 38m 1s· 2 players
Game mode
Random Map
Map size
Tiny (2 player)
Population
200
Speed
Normal
Resources
Standard
Victory
Conquest
Starting age
Dark Age
Ending age
Imperial Age
RankedLock teamsTeams togetherTeam positionsShared explorationLock speedFull tech treeHidden civsTurbo modeCheats
Victory
Defeat
🇹🇷 Maya · Türkiye
1242
+17
🇦🇺 Wei · Australia
1267
-17
eyupfc
0:26 Loom
9:55 Feudal Age
10:10 Man-at-Arms
14:23 Double-Bit Axe
16:47 Fletching
21:21 Castle Age
19:33 Padded Archer Armor
21:15 Horse Collar
21:26 Gold Mining
21:24 Crossbowman
22:02 Bodkin Arrow
22:17 Bow Saw
25:12 Wheelbarrow
26:51 Squires
26:11 Pikeman
27:22 Scale Mail Armor
28:41 Arson
30:51 Forging
31:21 Leather Archer Armor
35:49 Ballistics
35:25 Murder Holes
36:07 Iron Casting
35:48 Chain Mail Armor
zeke.hodges000
5:38 Loom
10:26 Feudal Age
11:14 Double-Bit Axe
11:24 Horse Collar
15:55 Gold Mining
20:18 Stone Mining
24:30 Castle Age
25:46 Scale Barding Armor
26:03 Bow Saw
25:57 Heavy Plow
27:20 Bloodlines
37:32 Chain Barding Armor
Connection lost

Rejoining the realm…

Still unreachable

The connection could not be restored.

Session expired

The server has moved on; the page needs a fresh start.